cohdb
Replays
Latest Replays
All Replays
Popular Replays
Top Player Replays
Match Explorer
How It Works
Community
CoH3 Stats
Reddit
Sign in to upload your games and track your stats! →
Sign in with Steam
Match 44805578
Unlisted
Match 44805578
Overview
Messages
Build Orders
End
Vickers Machine Gun Team
Construct Section Command Post
Selects Canadian Shock Battlegroup
Dingo Light Scout Car
Dingo Light Scout Car
Selects Attacking Spirit
Selects Canadian Shock Section
Canadian Shock Section
Construct Field Infirmary
Construct Field Infirmary
Construct Field Infirmary
Canadian Shock Section
Construct Platoon Command Post
Infantry Training
Humber Armored Car
Selects Burnout
Selects Pyrotechnics
Burnout
Royal Engineer Section
Infantry Section
Construct Company Command Post
Selects Churchill Crocodile Heavy Tank
Churchill Crocodile Heavy Tank
Royal Engineer Section
Selects Smoke Operation
Crusader II Medium Tank
Burnout
Armored Vehicle Training
Crusader II Medium Tank
Smoke Operation
Crusader II Medium Tank
Burnout
PABLO FLEXCOBAR
SIERRA_116
tater
Fupped
A Filthy Casual
Michael Bolton
0
0
Comments
sign in to comment!
No comments posted yet!